 Dungeon Crawl Stone Soup version 0.21-a0-404-g291f19a (webtiles) character file.

4867 tof the Cruncher (level 10, -11/61 HPs)
             Began as a Gargoyle Gladiator on Oct 28, 2017.
             Was a Believer of Wu Jian.
             Hit by an exploding tomahawk thrown by an orc warrior (14 damage)
             ... on level 9 of the Dungeon.
             The game lasted 00:18:11 (8901 turns).

tof the Cruncher (Gargoyle Gladiator)               Turns: 8901, Time: 00:18:11

Health: -11/61     AC: 16    Str: 17    XL:     10   Next: 50%
Magic:  8/10       EV: 14    Int: 10    God:    Wu Jian [**....]
Gold:   329        SH:  0    Dex: 14    Spells: 7/9 levels left

rFire    . . .     SeeInvis .   z - +1 quarterstaff (distort)
rCold    + . .     Gourm    .   (shield currently unavailable)
rNeg     + + .     Faith    .   O - +2 leather armour {rC+}
rPois    ∞         Spirit   .   c - +0 helmet
rElec    +         Reflect  .   Q - +0 cloak
rCorr    .         Harm     .   (no gloves)
MR       .....                  (no boots)
Stlth    +++.......             (no amulet)
HPRegen  0.20/turn              L - ring of stealth
MPRegen  0.12/turn              y - ring of positive energy

@: no status effects
A: negative energy resistance 1, electricity resistance, unbreathing,
petrification resistance, rot immunity, AC +7
a: Renounce Religion


You were on level 9 of the Dungeon.
You worshipped Wu Jian.
Wu Jian was pleased with you.
You were not hungry.

You visited 2 branches of the dungeon, and saw 10 of its levels.

You collected 329 gold pieces.

Inventory:

Hand Weapons
 a - a +0 quarterstaff
 z - a +1 quarterstaff of distortion (weapon)
Missiles
 d - 2 throwing nets (quivered)
 D - 7 curare-tipped needles
 E - 18 poisoned needles
 N - 7 tomahawks
Armour
 c - a +0 helmet (worn)
 O - a +2 leather armour of cold resistance (worn)
 Q - a +0 cloak (worn)
Jewellery
 y - a ring of positive energy (right hand)
 L - a ring of stealth (left hand)
Wands
 J - a wand of flame (18/48)
 K - a wand of polymorph (12/24)
 P - a wand of digging (6/24)
Scrolls
 g - 5 scrolls of remove curse
 i - a scroll of fog
 j - 3 scrolls of amnesia
 k - 4 scrolls of teleportation
 m - 4 scrolls of blinking
 n - 2 scrolls of fear
 p - a scroll of magic mapping {unknown}
 q - 3 scrolls of immolation {unknown}
 t - 2 scrolls of enchant weapon {unknown}
 u - 2 scrolls of recharging {unknown}
 C - a scroll of noise {unknown}
Potions
 e - a potion of heal wounds {unknown}
 l - 2 potions of might {unknown}
 o - 2 potions of brilliance {unknown}
 r - a potion of magic {unknown}
 s - 4 potions of resistance {unknown}
 w - a potion of flight {unknown}
 G - 2 potions of curing {unknown}
 H - 3 potions of haste {unknown}
 I - a potion of ambrosia {unknown}
Books
 B - a book of Minor Magic

   Spells                             Type                      Level
   a - Magic Dart                     Conjuration                  1
   b - Blink                          Translocation                2
   c - Call Imp                       Summoning                    2
   d - Slow                           Hexes                        2
   e - Conjure Flame                  Conjuration/Fire             3
   f - Mephitic Cloud                 Conjuration/Poison/Air       3
 F - a book of Maledictions

   Spells                             Type                      Level
   a - Corona                         Hexes                        1
   b - Ensorcelled Hibernation        Hexes/Ice                    2
   c - Confuse                        Hexes                        3
   d - Tukima's Dance                 Hexes                        3
   e - Dazzling Spray                 Conjuration/Hexes            3
 M - a book of Flames

   Spells                             Type                      Level
   a - Flame Tongue                   Conjuration/Fire             1
   b - Throw Flame                    Conjuration/Fire             2
   c - Conjure Flame                  Conjuration/Fire             3
   d - Inner Flame                    Hexes/Fire                   3
   e - Sticky Flame                   Conjuration/Fire             4
   f - Fireball                       Conjuration/Fire             5
Comestibles
 b - 3 chunks of flesh
 f - 8 bread rations
 h - 4 royal jellies
 x - 7 fruits
 A - 2 meat rations


   Skills:
 + Level 6.3 Fighting
 * Level 8.3 Staves
 + Level 5.2 Throwing
 * Level 8.3 Armour
 + Level 5.1 Dodging
 * Level 3.9 Stealth
 + Level 0.0 Spellcasting
 + Level 2.3 Translocations


You had 7 spell levels left.
You knew the following spells:

 Your Spells              Type           Power        Failure   Level  Hunger
a - Blink                 Tloc           N/A          26%         2    ###....


Dungeon Overview and Level Annotations

Branches:
Dungeon (9/15)             Temple (1/1) D:4
   Lair: D:8-11         Orc: D:9-12

Altars:
Ashenzari
Cheibriados
Dithmenos
Elyvilon
Fedhas
Gozag
Hepliaklqana
Kikubaaqudgha
Makhleb
Nemelex Xobeh
Okawaru
Qazlal
Ru
Sif Muna
Trog
Uskayaw
Vehumet
Wu Jian
Xom
Yredelemnul
Zin
The Shining One

Annotations:
Abyss:1 Prince Ribbit


Innate Abilities, Weirdness & Mutations

You are resistant to torment.
Your stone body is resilient. (AC +7)
You are immune to poison.
You resist negative energy. (rN+)
You are resistant to electric shocks. (rElec)
You can survive without breathing.
You are immune to petrification.
You are immune to rotting.


Message History

* * * LOW HITPOINT WARNING * * *
The exploding tomahawk explodes!
The explosion of tomahawk fragments engulfs you!
The shadow imp spits at you.
The orc warrior throws an exploding tomahawk.
The exploding tomahawk hits you!
* * * LOW HITPOINT WARNING * * *
The exploding tomahawk explodes!
The explosion of tomahawk fragments engulfs you!
The shadow imp gestures at you. Pain shoots through your body!
* * * LOW HITPOINT WARNING * * *
Okay, then.
Casting: Blink
Confirm with . or Enter, or press ? or * to list all spells.
You blink.
An orc comes into view. It is wielding a hand axe.
The orc warrior throws an exploding tomahawk.
The exploding tomahawk hits you!
You die...

.# #.......# .#..... .#
#......)#####.......
.#####....)o.............
........).........8....P.
......###................
####..# #................
# #..# #.5..........P..∩
####..# #......)........$
......###.......@).......
......).)................
#########.§.......P.P..P.
#...).......P.8.P
#..............P.
#....S......####.
###o##.........
#ooo####...... #.8.#
..####


You could see an orc warrior, a water moccasin, a shadow imp and 3 orcs.

Vanquished Creatures
  Maurice (D:9)
  A hellwing (D:8)
  Grinder (D:5)
  A spriggan (D:7)
  Sigmund (D:2)
  A hungry ghost (D:8)
  5 phantoms
  A sky beast (D:9)
  3 ogres
  2 centaurs
  A big kobold (D:7)
  2 bullfrogs
  3 scorpions
  A wyvern skeleton (D:9)
  A howler monkey (D:6)
  4 crimson imps
  A bullfrog skeleton (D:7)
  A hound (D:6)
  A centaur zombie (D:6)
  3 jellies
  6 orc wizards
  2 orc priests
  2 centaur skeletons
  Natasha (thrice) (D:4)
  An iguana (D:6)
  A worker ant (D:4)
  3 hound skeletons
  A howler monkey zombie (D:6)
  6 gnolls
  13 adders
  2 shadow imps
  An ooze (D:4)
  2 dart slugs
  4 leopard geckos
  36 orcs
  9 giant cockroaches
  12 goblins
  11 hobgoblins
  5 jackals
  8 kobolds
  3 quokkas
  4 ball pythons
  9 bats
  4 frilled lizards
  A leopard gecko skeleton (D:4)
  A leopard gecko zombie (D:5)
  11 rats
196 creatures vanquished.

Vanquished Creatures (others)
  2 centaur zombies (D:9)
  2 ogres
  A bullfrog (D:6)
  A howler monkey (D:6)
  A worker ant (D:4)
  An adder (D:7)
  2 orcs
10 creatures vanquished.

Grand Total: 206 creatures vanquished

Notes
Turn   | Place    | Note
-------+----------+-------------------------------------------
     0 | D:1      | tof the Gargoyle Gladiator began the quest for the Orb.
     0 | D:1      | Reached XP level 1. HP: 12/12 MP: 1/1
   160 | D:1      | Reached XP level 2. HP: 17/17 MP: 2/2
   174 | D:1      | Reached skill level 1 in Armour
   405 | D:1      | Reached XP level 3. HP: 22/22 MP: 3/3
   792 | D:2      | Noticed an ogre
   796 | D:2      | HP: 1/22 [ogre/giant club (11)]
   803 | D:2      | HP: 1/22 [ogre/giant club (1)]
   805 | D:2      | Killed an ogre
   805 | D:2      | Reached XP level 4. HP: 1/27 MP: 4/4
   805 | D:2      | Reached XP level 5. HP: 1/32 MP: 5/5
  1231 | D:2      | Noticed Sigmund
  1238 | D:2      | Killed Sigmund
  1238 | D:2      | Reached XP level 6. HP: 24/37 MP: 6/6
  1497 | D:2      | Found a faded altar of an unknown god.
  2530 | D:4      | Noticed a phantom
  2563 | D:4      | Killed a phantom
  2563 | D:4      | Reached XP level 7. HP: 33/42 MP: 7/7
  2839 | D:4      | Noticed Natasha
  2849 | D:4      | Killed Natasha
  2849 | D:4      | Reached skill level 5 in Staves
  3171 | D:4      | Noticed Natasha
  3176 | D:4      | Killed Natasha
  3892 | D:4      | Noticed Natasha
  3896 | D:4      | Killed Natasha
  4014 | D:4      | Reached XP level 8. HP: 48/48 MP: 8/8
  4027 | D:4      | Found a staircase to the Ecumenical Temple.
  4047 | Temple   | Entered the Ecumenical Temple
  4233 | Temple   | Became a worshipper of the Wu Jian Council
  4668 | D:5      | Entered Level 5 of the Dungeon
  4715 | D:5      | Noticed Grinder
  4728 | D:5      | Paralysed by Grinder for 3 turns
  4784 | D:5      | Reached skill level 5 in Armour
  5153 | D:5      | Killed Grinder
  5314 | D:6      | Noticed Prince Ribbit
  5325 | D:6      | Banished Prince Ribbit
  5633 | D:6      | Reached skill level 5 in Fighting
  5641 | D:6      | Reached XP level 9. HP: 54/54 MP: 9/9
  5652 | D:6      | Found an opulent altar of Gozag.
  5738 | D:6      | Reached * piety under Wu Jian
  6016 | D:6      | Found a glowing golden altar of the Shining One.
  6016 | D:6      | Found an opulent altar of Gozag.
  6851 | D:7      | Learned a level 2 spell: Blink
  7077 | D:8      | Found a shimmering altar of Xom.
  7079 | D:8      | Found a basalt altar of Yredelemnul.
  7080 | D:8      | Found a hazy altar of Hepliaklqana.
  7080 | D:8      | Found a blossoming altar of Fedhas.
  7106 | D:8      | Found a deep blue altar of Sif Muna.
  7106 | D:8      | Found a sparkling altar of Nemelex Xobeh.
  7106 | D:8      | Found a shadowy altar of Dithmenos.
  7115 | D:8      | Found a white marble altar of Elyvilon.
  7290 | D:8      | Reached ** piety under Wu Jian
  7303 | D:8      | Reached skill level 1 in Translocations
  7659 | D:8      | Reached skill level 1 in Stealth
  8038 | D:9      | Noticed Maurice
  8062 | D:9      | Reached XP level 10. HP: 49/60 MP: 10/10
  8065 | D:9      | Killed Maurice
  8065 | D:9      | Reached skill level 5 in Throwing
  8065 | D:9      | Reached skill level 5 in Dodging
  8176 | D:9      | HP: 2/60 [orc priest/divine providence (12)]
  8900 | D:9      | HP: 3/61 [shadow imp/nerve-wracking pain (3)]
  8901 | D:9      | Hit by an exploding tomahawk thrown by an orc warrior

Vault maps used:
D:1:      dpeg_arrival_signposts
D:2:      chequers_ecumenical_altar_simple, uniq_sigmund
D:3:      minmay_randomly_rotated_circles
D:4:      minmay_temple_entry_statues, uniq_natasha
D:5:      first_bread, serial_park_tiny_2, kennysheep_generic_room_13,
          uniq_grinder
D:6:      gammafunk_temple_overflow_pools, nicolae_gozag_seed_capital,
          uniq_prince_ribbit1
D:7:      the_bakery
D:8:      grunt_temple_overflow_open
D:9:      cheibrodos_grave_circle, hiddenorc2_lemuel, serial_bayou_crossing,
          uniq_maurice
Temple:   minmay_temple_forest_path

Skill      XL: |  1  2  3  4  5  6  7  8  9 10 |
---------------+-------------------------------+-----
Armour         | 1 2 3 4 6 7 8 |  8.3
Throwing       | 2 3 4 5 |  5.2
Fighting       | 3 4 5 6 |  6.3
Staves         | 4 5 6 7 8 |  8.3
Dodging        | 3 4 5 |  5.1
Translocations | 1 2 |  2.3
Stealth        | 1 3 |  3.9

Action                   |  1- 3 |  4- 6 |  7- 9 | 10-12 || total
-------------------------+-------+-------+-------+-------++-------
Melee: Quarterstaff      |    83 |   158 |   409 |    92 ||   742
Throw: Throwing net      |       |       |     1 |       ||     1
 Cast: Blink             |       |       |       |     1 ||     1
  Use: Scroll            |       |       |     7 |       ||     7
 Stab: Sleeping          |     1 |       |     1 |       ||     2
  Eat: Chunk             |       |     5 |    13 |     3 ||    21
       Bread ration      |       |       |     2 |       ||     2
Armor: Leather armour    |    45 |    62 |       |    22 ||   129
       Ring mail         |       |    20 |   162 |    50 ||   232
Dodge: Dodged            |    63 |   103 |   228 |    82 ||   476

Table legend:
 A = Spawn XP
 B = Non-spawn XP
 C = Spawn XP percentage of total XP
 D = Spawn monster count
 E = Non-spawn monster count
 F = Spawn count percentage of total count
 G = Total turns spent on level
                    A         B        C        D         E        F      G
               +---------+---------+-------+---------+---------+-------+---------
         Total |       0 |    6954 |   0.0 |       0 |     207 |   0.0 |  8901
               +---------+---------+-------+---------+---------+-------+---------
           D:1 |       0 |      47 |   0.0 |       0 |      26 |   0.0 |   698
           D:2 |       0 |     348 |   0.0 |       0 |      16 |   0.0 |   926
           D:3 |       0 |      92 |   0.0 |       0 |      33 |   0.0 |   818
           D:4 |       0 |     751 |   0.0 |       0 |      20 |   0.0 |  1992
           D:5 |       0 |     622 |   0.0 |       0 |      16 |   0.0 |   635
           D:6 |       0 |    1177 |   0.0 |       0 |      28 |   0.0 |  1177
           D:7 |       0 |     496 |   0.0 |       0 |      17 |   0.0 |   521
           D:8 |       0 |    1081 |   0.0 |       0 |      26 |   0.0 |  1432
           D:9 |       0 |    2340 |   0.0 |       0 |      25 |   0.0 |   468
               +---------+---------+-------+---------+---------+-------+---------
